Map: Rhoskallian LE

Players

StepUp - Winner!

  • Race: Zerg Zerg
  • League: Silver
  • Spawn Location: 11:00

Baggi - Winner!

  • Race: Protoss Protoss
  • League: Diamond
  • Spawn Location: 12:00

Massa

  • Race: Terran Terran
  • League: Gold
  • Spawn Location: 6:00

qqq

  • Race: Zerg Zerg
  • League: Platinum
  • Spawn Location: 5:00

VOD

Have the link to the VOD?

Description

Time

  • Played on: July 27, 2020, 11:48 a.m.
  • Length: 11:40
Show
View Real Time Build Order
Export as new Build Order

StepUp Zerg - Winner!

Build Orders: Hatch First 

Get SALT Encoding   

  12  0:00  Drone  
  13  0:12  Overlord  
  13  0:23  Drone  
  14  0:31  Drone x2  
  14  0:35  Drone  
  17  1:00  Drone  
  17  1:02  Hatchery  
  17  1:15  Spawning Pool  
  17  1:17  Extractor  
  15  1:20  Drone  
  15  1:24  Drone  
  17  1:28  Drone  
  18  1:36  Overlord  
  18  2:01  Extractor  
  17  2:03  Zergling x4  
  17  2:05  Queen  
  21  2:11  Roach Warren  
  21  2:13  Zergling x2  
  21  2:21  Queen  
  23  2:26  Zergling x2  
  24  2:34  Metabolic Boost  
  24  2:38  Drone  
  24  2:42  Drone  
  26  2:46  Drone  
  27  3:11  Drone x3  
  27  3:12  Drone x3  
  33  3:22  Roach  
  33  3:26  Overlord  
  35  3:33  Overlord  
  35  3:59  Roach x6  
  47  4:10  Baneling Nest  
  47  4:11  Drone x2  
  48  4:18  Drone x2  
  48  4:20  Drone  
  51  4:26  Overlord  
  51  4:35  Zergling x2  
  52  4:40  Lair  
  52  4:44  Zergling x4  
  50  4:46  Zergling x2  
  48  5:18  Zergling x2  
  48  5:19  Zergling x6, Roach x2  
  48  5:20  Roach x2  
  59  5:37  Glial Reconstitution  
  59  5:38  Centrifical Hooks  
  59  5:50  Overseer  
  59  5:55  Baneling x4  
  59  5:56  Baneling x4  
  59  6:00  Overlord x2  
  59  6:01  Overlord x2  
  59  6:22  Zergling x4  
  59  6:23  Zergling x10  
  59  6:24  Zergling x4  
  60  6:49  Zergling x6  
  60  6:50  Zergling x8  
  62  7:06  Roach x3  
  62  7:07  Roach x3  
  74  7:15  Baneling x6  
  74  7:16  Baneling  
  74  7:18  Baneling  
  74  7:36  Roach x4  
  82  7:37  Roach  
  84  7:50  Overlord  
  84  7:51  Overlord  
  84  7:53  Overlord  
  76  8:21  Zergling x2  
  76  8:22  Zergling x14  
  76  8:23  Zergling x6  
  85  8:36  Overlord x2  
  85  8:50  Roach x2  
  89  9:01  Roach x2  
  91  9:18  Roach  
  91  9:19  Roach x6  
  100  9:30  Roach x2  
  90  9:50  Zergling x6  
  90  9:51  Zergling x8  
  87  10:08  Roach x3  
  89  10:17  Roach  
  89  10:34  Roach x4  
  96  11:00  Roach x6  
  96  11:01  Roach  
  108  11:13  Roach x2  
  108  11:17  Overlord  
Show
View Real Time Build Order
Export as new Build Order

Baggi Protoss - Winner!

Build Orders: 1 Gate Expand, Zealot Archon 

Get SALT Encoding   

  12  0:01  Probe  
  13  0:13  Probe  
  14  0:21  Pylon  
  14  0:25  Probe  
  15  0:41  Gateway  
  15  0:43  Probe  
  16  0:57  Probe  
  16  1:01  Assimilator  
  17  1:19  Probe, Nexus  
  18  1:27  Probe  
  19  1:38  Probe, Cybernetics Core  
  20  1:47  Zealot  
  20  1:52  Probe  
  23  1:59  Pylon  
  23  2:16  Warp Gate  
  23  2:17  Probe  
  24  2:26  Zealot  
  26  2:31  Probe  
  26  2:38  Probe  
  26  2:41  Assimilator  
  27  2:44  Probe  
  27  2:50  Probe  
  29  2:52  Pylon  
  29  2:59  Probe  
  29  3:02  Probe  
  29  3:03  Pylon  
  31  3:11  Probe  
  32  3:14  Probe, Robotics Facility  
  32  3:15  Gateway  
  33  3:23  Probe  
  33  3:25  Probe  
  34  3:27  Twilight Council  
  34  3:31  Probe  
  34  3:33  Probe  
  36  4:00  Observer  
  36  4:04  Probe  
  36  4:05  Probe  
  36  4:07  Charge  
  39  4:17  Assimilator  
  39  4:25  Assimilator  
  39  4:32  Shield Battery  
  39  4:34  Shield Battery  
  39  4:37  Zealot  
  39  4:38  Zealot  
  43  4:59  Probe x2  
  45  5:07  Probe x2  
  45  5:09  Immortal  
  45  5:10  Stalker x2  
  49  5:31  Probe x2  
  51  5:42  Pylon  
  51  5:43  Probe  
  51  5:44  Observer  
  51  5:45  Pylon  
  51  5:47  Pylon  
  53  6:02  Gateway  
  53  6:03  Gateway  
  53  6:12  Gateway x2  
  53  6:14  Dark Shrine  
  53  6:30  Stalker x2  
  57  6:34  Immortal  
  56  6:58  Blink, Stalker x4  
  64  7:16  Forge  
  64  7:19  Probe x2  
  64  7:20  Forge  
  64  7:22  Zealot x6  
  78  7:24  Pylon  
  78  7:26  Pylon  
  78  7:31  Probe x2  
  78  7:46  Immortal  
  78  7:48  Dark Templar x5  
  78  7:49  Dark Templar  
  88  7:52  Archon x2  
  88  7:53  Archon  
  80  8:22  Zealot x3  
  80  8:23  Zealot x3  
  86  9:02  Zealot x3  
  88  9:03  Zealot x3  
  98  9:21  Nexus  
  96  9:37  Nexus  
  90  9:40  Pylon  
  90  9:41  Pylon  
  84  9:49  Zealot x5  
  84  9:50  Zealot  
  96  9:55  Pylon  
  96  10:13  Probe x2  
  98  10:16  Immortal  
  98  10:19  Zealot x3  
  98  10:20  Zealot x2  
  109  10:25  Probe  
  109  10:26  Probe  
  109  10:37  Probe  
  109  10:38  Probe  
  109  10:42  Dark Templar x5  
  119  10:43  Dark Templar  
  122  10:50  Probe  
  122  10:52  Probe x3  
  123  11:02  Probe  
  118  11:23  Dark Templar x5  
  118  11:24  Dark Templar  
Show
View Real Time Build Order
Export as new Build Order

Massa Terran 

Build Orders:  

Get SALT Encoding   

  12  0:01  SCV  
  13  0:13  SCV  
  14  0:25  SCV  
  14  0:26  Supply Depot  
  15  0:42  Refinery  
  15  0:47  SCV  
  16  0:50  Barracks  
  16  0:59  SCV  
  17  1:18  SCV  
  18  1:19  Refinery  
  18  1:30  Refinery, SCV  
  19  1:40  Supply Depot  
  19  1:42  SCV  
  20  1:49  Barracks Reactor  
  20  1:55  Orbital Command  
  20  2:06  Factory  
  20  2:24  SCV  
  21  2:33  Barracks  
  21  2:35  Reaper x2  
  21  2:36  SCV  
  24  2:49  Factory Tech Lab  
  24  2:55  SCV, Command Center  
  25  3:07  SCV  
  26  3:20  Barracks Tech Lab  
  26  3:27  Barracks  
  25  4:00  Stimpack  
  25  4:01  Widow Mine x2  
  28  4:03  Marauder  
  28  4:07  Marauder  
  32  4:11  Orbital Command  
  32  4:13  Supply Depot  
  32  4:17  Supply Depot  
  32  4:22  Widow Mine  
  32  4:23  Widow Mine  
  36  4:25  Marauder  
  36  4:30  Marauder  
  40  4:31  Marine  
  41  4:44  Widow Mine x2  
  45  4:47  Marauder  
  45  4:49  Marine  
  45  4:51  Marine  
  49  5:05  Widow Mine x2  
  53  5:14  Marauder, Marine  
  53  5:15  Marauder  
  56  5:32  Marine  
  57  5:35  Marine  
  57  5:36  Marauder  
  60  5:47  SCV x2  
  62  5:55  Concussive Shells  
  62  5:56  Combat Shield  
  62  6:25  SCV, Marine  
  62  6:28  Marauder  
  62  6:32  SCV  
  62  6:36  Marauder  
  62  6:38  SCV  
  54  6:45  SCV  
  53  6:49  Marauder  
  53  6:52  Widow Mine x2  
  57  7:05  SCV x2  
  59  7:13  Widow Mine  
  61  7:17  SCV  
  62  7:23  Supply Depot  
  62  7:24  Supply Depot  
  62  7:25  Command Center, Supply Depot  
  62  7:27  Supply Depot  
  62  7:28  Supply Depot  
  62  7:29  Ghost Academy  
  62  7:30  Supply Depot  
  62  7:35  Ghost Academy  
  62  7:44  SCV  
  62  7:45  Widow Mine x2  
  67  7:52  Supply Depot  
  67  7:53  Supply Depot  
  67  7:55  Supply Depot  
  67  8:06  Widow Mine x2  
  52  8:17  Marauder x2  
  52  8:18  Marine  
  47  8:27  Widow Mine x2  
  47  8:31  Barracks  
  51  8:36  Marine  
  51  8:39  Marauder x2  
  51  8:49  Widow Mine x2  
  51  8:54  Marine  
  50  9:00  Marauder x2  
  53  9:08  SCV  
  54  9:10  Widow Mine x2  
  54  9:11  Marine  
  59  9:19  Marine  
  59  9:20  SCV  
  59  9:21  Marauder x2  
  65  9:29  Marine  
  62  9:36  Widow Mine x2, Marine  
  51  9:43  Marauder x2  
  52  9:47  Marine  
  45  9:54  Marine  
  48  10:04  Marauder x2  
  48  10:12  Marine  
  40  10:26  Marauder  
  43  10:33  Barracks x2  
  43  10:34  Barracks x2  
  43  10:35  Barracks  
  35  10:36  Bunker  
  35  10:39  Bunker  
  29  10:47  Marauder  
  31  10:52  Factory  
  31  10:55  Factory  
  26  10:59  Barracks  
  26  11:02  Barracks  
  26  11:03  Barracks  
  23  11:05  Barracks  
Show
View Real Time Build Order
Export as new Build Order

qqq Zerg 

Build Orders: Hatch First 

Get SALT Encoding   

  12  0:02  Drone  
  13  0:11  Drone  
  14  0:40  Hatchery  
  13  0:52  Spawning Pool  
  12  1:03  Drone  
  13  1:05  Overlord  
  14  1:11  Drone  
  14  1:15  Extractor  
  14  1:17  Drone  
  14  1:31  Drone  
  15  1:41  Drone  
  15  1:42  Queen  
  19  1:47  Drone  
  19  2:05  Drone  
  19  2:07  Drone x2  
  22  2:10  Queen  
  24  2:18  Drone  
  24  2:21  Metabolic Boost  
  25  2:26  Zergling x2  
  26  2:39  Drone  
  26  2:40  Drone  
  26  2:42  Overlord  
  28  2:44  Overlord  
  28  2:57  Overlord  
  28  3:01  Drone x2  
  28  3:02  Zergling x4  
  28  3:05  Zergling x2  
  33  3:13  Drone  
  33  3:14  Drone  
  33  3:15  Zergling x2  
  36  3:20  Zergling x4  
  36  3:21  Zergling x2  
  39  3:31  Zergling x2  
  40  3:35  Zergling x2  
  40  3:40  Drone  
  42  3:49  Zergling x8  
  42  3:50  Zergling x2  
  47  3:59  Zergling x4, Overlord  
  49  4:06  Zergling x6  
  49  4:08  Overlord  
  52  4:22  Zergling x2  
  52  4:24  Drone x3  
  55  4:25  Hatchery  
  55  4:33  Zergling x2  
  55  4:34  Zergling x4  
  55  4:35  Drone x3  
  47  4:55  Zergling x2  
  47  4:56  Zergling x4  
  47  4:57  Drone x2  
  46  5:05  Drone  
  47  5:09  Lair  
  47  5:14  Roach Warren  
  47  5:16  Drone, Zergling x2  
  48  5:27  Zergling x2  
  49  5:29  Drone  
  49  5:32  Extractor  
  49  5:34  Zergling x2  
  50  5:39  Hatchery  
  50  5:41  Drone x2  
  50  5:42  Zergling x2  
  52  5:47  Drone x3  
  55  5:55  Drone  
  55  5:56  Drone  
  57  6:03  Drone x2, Zergling x2  
  57  6:04  Zergling x2  
  61  6:12  Drone  
  61  6:13  Drone  
  63  6:20  Hatchery, Zergling x4  
  63  6:21  Drone  
  63  6:24  Roach  
  67  6:26  Hatchery  
  66  6:35  Drone  
  67  6:53  Roach x3  
  67  6:54  Drone x2, Roach x2  
  76  6:55  Drone  
  76  6:57  Hatchery  
  78  7:02  Overlord  
  78  7:03  Zergling x2, Overlord x2  
  78  7:04  Overlord  
  78  7:05  Overlord x2  
  79  7:18  Overlord x2  
  79  7:21  Drone x4  
  83  7:25  Drone  
  83  7:26  Extractor  
  83  7:27  Drone  
  84  7:31  Extractor, Glial Reconstitution  
  84  7:33  Roach x2  
  84  7:34  Drone x3  
  90  7:41  Hydralisk Den  
  89  7:48  Roach x2  
  89  7:49  Drone x3  
  89  7:50  Drone x4  
  99  7:55  Drone  
  100  8:09  Drone x2  
  100  8:10  Drone x5  
  100  8:11  Roach x4  
  102  8:23  Roach x3  
  102  8:24  Roach x6  
  107  8:33  Roach  
  113  8:34  Roach x5  
  113  8:35  Evolution Chamber  
  116  8:48  Roach x3  
  116  8:49  Roach x3  
  116  8:50  Roach x5  
  138  8:55  Roach  
  138  8:56  Roach x3  
  138  9:01  Drone  
  141  9:05  Roach  
  133  9:10  Hatchery  
  133  9:13  Hatchery  
  119  9:30  Roach x2  
  119  9:31  Roach x5  
  111  9:32  Roach x6  
  111  9:34  Drone  
  111  9:35  Drone x4  
  95  9:46  Roach x3  
  95  9:48  Zergling x4  
  93  9:56  Drone x2  
  93  9:57  Drone x2  
  86  10:00  Zergling x2  
  86  10:01  Zergling x4  
  83  10:08  Roach x4  
  83  10:09  Roach  
  83  10:10  Zergling x2  
  79  10:21  Roach x2  
  79  10:22  Roach  
  79  10:23  Zergling x6  
  87  10:31  Roach x2  
  87  10:32  Zergling x4  
  87  10:33  Zergling x4  
  86  10:37  Extractor  
  86  10:41  Drone x3  
  86  10:42  Roach x2  
  75  10:53  Hatchery  
  75  10:54  Roach  
  75  10:55  Zergling x8  
  75  10:56  Zergling x2  
  59  11:08  Drone x3  
  59  11:09  Drone x2, Spawning Pool  
Tags
 
Add a new tag
Caveats
  • Supply blocks, unpowered buildings, or Contaminate may cause inaccurate times.
  • Supply counts are checked every 10 seconds.